 Dungeon Crawl Stone Soup version 0.23-a0-565-g3e74e4c (webtiles) character file.

5144 MisterFreud the Prestidigitator (level 10, -9/88 HPs)
             Began as a Minotaur Abyssal Knight on Dec 13, 2018.
             Was a Priest of Lugonu.
             Shot with a sling bullet by Joseph (18 damage)
             ... on level 9 of the Dungeon.
             The game lasted 00:15:16 (8659 turns).

MisterFreud the Prestidigitator (MiAK)              Turns: 8659, Time: 00:15:17

Health: -9/88      AC: 13    Str: 19    XL:     10   Next: 33%
Magic:  3/16       EV: 12    Int:  9    God:    Lugonu [***...]
Gold:   534        SH:  0    Dex: 15    Spells: 9/9 levels left

rFire    . . .     SeeInvis .   H - +0 whip of Duobb {drain, +Inv Dex+4}
rCold    + . .     Gourm    .   (no shield)
rNeg     . . .     Faith    .   C - +0 chain mail {rC+}
rPois    .         Spirit   .   (helmet restricted)
rElec    .         Reflect  .   (no cloak)
rCorr    .         Harm     .   x - +0 pair of gloves
MR       .....                  N - +0 pair of boots
Stlth    ..........             M - amulet of rage
HPRegen  0.24/turn              O - +1 ring of protection
MPRegen  0.15/turn              E - +4 ring of evasion

@: no status effects
A: retaliatory headbutt, horns 2
a: Depart the Abyss, Bend Space, Banish, Renounce Religion, Evoke Berserk Rage,
Evoke Invisibility


You were on level 9 of the Dungeon.
You worshipped Lugonu.
Lugonu was most pleased with you.
You were not hungry.

You visited 1 branch of the dungeon, and saw 9 of its levels.
You visited the Abyss 1 time.

You collected 534 gold pieces.

Inventory:

Hand Weapons
 a - a +1 falchion
 B - a +0 whip
 H - the +0 whip of Duobb (weapon) {drain, +Inv Dex+4}
   (You found it on level 4 of the Dungeon)

   A truly terrible weapon, it drains the life of those it strikes.
   It affects your dexterity (+4).
   It lets you turn invisible.
Missiles
 k - 250 arrows
 I - 58 bolts
 K - 3 throwing nets (quivered)
Armour
 f - a +0 buckler
 x - a +0 pair of gloves (worn)
 C - a +0 chain mail of cold resistance (worn)
 D - a +0 shield
 N - a +0 pair of boots (worn)
Jewellery
 o - an uncursed ring of fire
 E - a +4 ring of evasion (right hand)
 M - an amulet of rage (around neck)
 O - a +1 ring of protection (left hand)
Wands
 n - a wand of iceblast (13)
 w - a wand of paralysis (15)
 y - a wand of digging (10)
 z - a wand of random effects (15)
Scrolls
 e - a scroll of enchant weapon {unknown}
 g - 11 scrolls of remove curse
 i - a scroll of immolation {unknown}
 r - 2 scrolls of teleportation
 s - a scroll of noise {unknown}
 t - 4 scrolls of magic mapping {unknown}
 u - 2 scrolls of enchant armour {unknown}
 A - a scroll of amnesia {unknown}
 F - 2 scrolls of fear {unknown}
 L - a scroll of vulnerability {unknown}
Potions
 b - 3 potions of ambrosia
 d - a potion of heal wounds
 h - 3 potions of might
 j - a potion of mutation
 l - 2 potions of curing
 m - 3 potions of brilliance
 p - a potion of magic
 q - a potion of resistance
 v - 2 potions of flight
 G - 2 potions of cancellation
Comestibles
 c - 10 rations
 J - 2 chunks of flesh


   Skills:
 - Level 8.0 Fighting
 - Level 2.4 Long Blades
 + Level 5.8 Armour
 - Level 1.1 Dodging
 - Level 8.0 Invocations
 - Level 10.0 Evocations


You had 9 spell levels left.
You didn't know any spells.
Your spell library contained the following spells:

 Spells                   Type           Power        Failure   Level  Hunger
 Beastly Appendage        Tmut           #.....       99%         1    ##.....
 Confusing Touch          Hex            #.....       99%         1    ##.....
 Corona                   Hex            #......      99%         1    ##.....
 Shock                    Conj/Air       #...         99%         1    ##.....
 Ensorcelled Hibernation  Hex/Ice        #.....       99%         2    ###....
 Sticks to Snakes         Tmut           #.......     99%         2    ###....
 Swiftness                Chrm/Air       #.......     99%         2    ###....
 Confuse                  Hex            #.......     100%        3    ####...
 Dazzling Spray           Conj/Hex       #.....       100%        3    ####...
 Gell's Gravitas          Tloc           #.........   100%        3    ####...
 Spider Form              Tmut/Pois      #.........   100%        3    ####...
 Static Discharge         Conj/Air       #.......     100%        3    ####...
 Tukima's Dance           Hex            #.......     100%        3    ####...
 Airstrike                Air            #.........   100%        4    #####..
 Ice Form                 Ice/Tmut       #.......     100%        4    #####..
 Petrify                  Tmut/Erth      #.......     100%        4    #####..
 Blade Hands              Tmut           #.........   100%        5    ######.
 Lightning Bolt           Conj/Air       #.........   100%        5    ######.
 Metabolic Englaciation   Hex/Ice        #.........   100%        5    ######.
 Yara's Violent Unravell  Hex/Tmut       #.........   100%        5    ######.


Dungeon Overview and Level Annotations

Branches:
Dungeon (9/15)             Temple (0/1) D:6            Lair (0/6) D:8
    Orc: D:9-12

Altars:
Dithmenos
Elyvilon
Kikubaaqudgha
Nemelex Xobeh
Okawaru
Trog
Wu Jian
The Shining One

Annotations:
D:4 Dowan, Duvessa
D:9 Joseph
Abyss:1 Harold


Innate Abilities, Weirdness & Mutations

You reflexively headbutt those who attack you in melee.
You have a pair of horns on your head.


Message History

Joseph shoots a sling bullet.
The sling bullet hits you!
* * * LOW HITPOINT WARNING * * *
There is an open door here.
You see here a sling bullet.
Joseph shoots a sling bullet.
The sling bullet hits you!
* * * LOW HITPOINT WARNING * * *
You close the door, pushing everything out of the way.
As you read the scroll of teleportation, it crumbles to dust.
You feel strangely unstable.
Something unseen opens the door.
Your surroundings suddenly seem different.
You start resting.
Eating one of 4 chunks of flesh.
You eat one of the 4 chunks of flesh.
This raw flesh tastes terrible.
You are feeling hungry.
Eating one of 3 chunks of flesh.
You eat one of the 3 chunks of flesh.
This raw flesh tastes terrible.
The ice beast is too close now for your liking.
Joseph shouts!
Joseph shoots a sling bullet.
The sling bullet hits you!!
You die...

..........#
..........#
.....@...# ........#
## #...... #. #.....
.. .###.#....######..
# # #.#
#.....#....#.. .#.
#@####....@....#..
... ##.#
#....#(...#.. ##.###
###.###....#(...#.. .
....#
#.....#....#@####..
..###..#
#...#.#............
....#.#
#Y................รท.
..##..##
#.#.#...#..........##
..#....#
#.##.....#.@........#
..###.## #.#
###.###..#######.#


You could see Joseph.

Vanquished Creatures
  A komodo dragon (D:8)
  A troll (D:9)
  Grinder (D:4)
  A wraith (D:9)
  A hungry ghost (D:9)
  A steam dragon (D:8)
  A water moccasin (D:7)
  An orc warrior (D:9)
  3 ice beasts
  A black bear (D:8)
  A sky beast (D:7)
  2 ogres
  A phantom (D:4)
  2 centaurs
  A crocodile (D:9)
  A big kobold (D:9)
  5 bullfrogs
  A scorpion (D:9)
  6 killer bees
  A howler monkey (D:6)
  2 crimson imps
  A gnoll shaman (D:7)
  An orc priest (D:9)
  3 hounds
  2 jellies
  An iguana (D:6)
  An orc wizard (D:6)
  Jessica (D:2)
  Ijyb (D:3)
  8 worker ants
  A killer bee zombie (D:9)
  A hound zombie (D:8)
  8 gnolls
  A howler monkey skeleton (D:6)
  9 adders
  2 shadow imps
  An ooze (D:4)
  2 adder zombies
  2 worms (D:4)
  4 dart slugs
  6 leopard geckos
  8 orcs
  A ball python (D:3)
  5 bats
  7 giant cockroaches
  7 goblins
  4 hobgoblins
  12 jackals
  5 quokkas
  2 frilled lizards
  12 kobolds
  A quokka skeleton (D:9)
  2 quokka zombies
  4 rats
161 creatures vanquished.

Vanquished Creatures (others)
  2 two-headed ogres (D:9)
  A manticore (D:9)
  A centaur (D:7)
  A plant (D:8)
5 creatures vanquished.

Grand Total: 166 creatures vanquished

Notes
Turn   | Place    | Note
-------+----------+-------------------------------------------
     0 | Abyss:1  | MisterFreud the Minotaur Abyssal Knight began the quest for
                  | the Orb.
     0 | Abyss:1  | Reached XP level 1. HP: 19/19 MP: 1/1
    49 | Abyss:1  | Noticed a large abomination
    50 | D:1      | Escaped the Abyss
   293 | D:1      | Reached XP level 2. HP: 28/28 MP: 2/2
   497 | D:1      | Reached * piety under Lugonu
  1120 | D:2      | Reached skill level 5 in Fighting
  1197 | D:2      | Reached XP level 3. HP: 29/36 MP: 3/3
  1235 | D:2      | Noticed a bullfrog
  1460 | D:2      | Killed a bullfrog
  1460 | D:2      | Reached XP level 4. HP: 31/45 MP: 4/4
  1492 | D:2      | Noticed Jessica
  1495 | D:2      | Killed Jessica
  1525 | D:2      | Reached XP level 5. HP: 33/52 MP: 5/5
  1559 | D:2      | Reached ** piety under Lugonu
  1622 | D:2      | Found an ornate altar of the Wu Jian Council.
  1626 | D:2      | Found a glowing golden altar of the Shining One.
  1755 | D:3      | Found an iron altar of Okawaru.
  1840 | D:3      | Noticed Ijyb
  1851 | D:3      | Killed Ijyb
  2703 | D:4      | Reached XP level 6. HP: 43/61 MP: 6/6
  2813 | D:4      | Noticed Grinder
  2823 | D:4      | Paralysed by Grinder for 5 turns
  2841 | D:4      | Killed Grinder
  2904 | D:4      | Found a shadowy altar of Dithmenos.
  3189 | D:4      | Reached skill level 5 in Invocations
  3189 | D:4      | Reached XP level 7. HP: 56/68 MP: 9/9
  3247 | D:4      | Noticed Dowan
  3247 | D:4      | Noticed Duvessa
  3416 | D:4      | Got a jewelled whip
  3417 | D:4      | Identified the cursed +0 whip of Duobb {drain, +Inv Dex+4}
                  | (You found it on level 4 of the Dungeon)
  3607 | D:5      | Entered Level 5 of the Dungeon
  3952 | D:5      | Found a bloodstained altar of Trog.
  4305 | D:6      | Found a staircase to the Ecumenical Temple.
  4446 | D:6      | Reached *** piety under Lugonu
  4627 | D:6      | Reached XP level 8. HP: 39/74 MP: 12/12
  4879 | D:6      | Found an ancient bone altar of Kikubaaqudgha.
  5139 | D:7      | Found a white marble altar of Elyvilon.
  5152 | D:7      | Reached skill level 1 in Evocations
  5217 | D:7      | Reached skill level 2 in Evocations
  5329 | D:7      | Noticed Harold
  5343 | D:7      | Reached skill level 3 in Evocations
  5735 | D:7      | Banished Harold
  5735 | D:7      | Reached skill level 5 in Evocations
  5749 | D:7      | Reached XP level 9. HP: 76/81 MP: 10/14
  5781 | D:7      | Found a sparkling altar of Nemelex Xobeh.
  6030 | D:7      | Reached skill level 6 in Evocations
  6385 | D:8      | Reached skill level 7 in Evocations
  6432 | D:8      | Found a staircase to the Lair.
  6433 | D:8      | Noticed a komodo dragon
  6471 | D:8      | Killed a komodo dragon
  6765 | D:8      | Reached skill level 8 in Evocations
  7382 | D:9      | Noticed a manticore
  7384 | D:9      | Reached **** piety under Lugonu
  7392 | D:9      | Banished a manticore
  7392 | D:9      | Reached skill level 9 in Evocations
  7427 | D:9      | HP: 4/81 [poisoned by a big kobold]
  7435 | D:9      | HP: 4/81 [poisoned by a big kobold]
  7784 | D:9      | Noticed a two-headed ogre
  7785 | D:9      | Noticed a two-headed ogre
  8027 | D:9      | Banished a two-headed ogre
  8027 | D:9      | Reached XP level 10. HP: 88/88 MP: 11/16
  8084 | D:9      | Banished a two-headed ogre
  8084 | D:9      | Reached skill level 10 in Evocations
  8607 | D:9      | Noticed Joseph
  8614 | D:9      | Reached skill level 5 in Armour
  8659 | D:9      | Shot with a sling bullet by Joseph

Vault maps used:
D:1:      minmay_arrival_three_doors, serial_forest,
          infiniplex_forest_clump_large, infiniplex_forest_zigzag_1,
          infiniplex_forest_end_2, infiniplex_forest_end_2,
          kennysheep_pointless_box, chequers_serial_rivers_micro_d,
          minmay_misc_feat_more_columns, st_stairs_9, grunt_decor_mini_mirrors,
          roderic_serpentine_path
D:2:      nicolae_overflow_hidden_temple, kennysheep_jessica_study
D:3:      okawaru_ov_weapons_minmay, uniq_ijyb
D:4:      first_ration, grunt_dithmenos_smoke_and_mirrors, uniq_duvessa,
          uniq_grinder
D:5:      bloody_trog
D:6:      lemuel_round_altar, temple_statues
D:7:      elyvilon_altar_5, lemuel_doored_altar, uniq_harold
D:8:      david_lair_shrubbed
D:9:      minmay_the_grid_square_5x5_3x3, uniq_joseph

Skill      XL: |  1  2  3  4  5  6  7  8  9 10 |
---------------+-------------------------------+-----
Fighting       | 4 5 6 7 8 |  8.0
Invocations    | 2 5 7 8 |  8.0
Evocations     | 5 9 10 | 10.0
Armour         | 5 |  5.8
Long Blades    | |  2.4
Dodging        | |  1.1

Action                   |  1- 3 |  4- 6 |  7- 9 | 10-12 || total
-------------------------+-------+-------+-------+-------++-------
Melee: Falchion          |    65 |   124 |     6 |       ||   195
       Headbutt          |     9 |    21 |    79 |    27 ||   136
       Whip              |       |     7 |   337 |    89 ||   433
Invok: Depart the Abyss  |     1 |       |       |       ||     1
       Banish            |       |       |     4 |     6 ||    10
  Use: Scroll            |       |     1 |    12 |     3 ||    16
  Eat: Chunk             |     2 |     5 |    12 |     5 ||    24
       Ration            |       |       |     4 |       ||     4
Armor: Leather armour    |    21 |    22 |       |       ||    43
       Chain mail        |       |    29 |   170 |    50 ||   249
Dodge: Dodged            |    49 |    91 |   261 |    76 ||   477
       Rpst.: Falchion   |    17 |    24 |     1 |       ||    42

Table legend:
 A = Non-vault XP
 B = Vault XP
 C = Vault XP percentage of total XP
 D = Non-vault monster count
 E = Vault monster count
 F = Vault count percentage of total count
                 A         B        C        D         E       F
            +---------+---------+-------+---------+---------+-------
      Total |    4783 |    2566 |  34.9 |     149 |      17 |  10.2
            +---------+---------+-------+---------+---------+-------
        D:1 |      28 |       3 |   9.7 |      13 |       2 |  13.3
        D:2 |     177 |      39 |  18.1 |      26 |       2 |   7.1
        D:3 |      52 |      36 |  40.9 |      17 |       1 |   5.6
        D:4 |     223 |     272 |  54.9 |      12 |       1 |   7.7
        D:5 |     435 |       0 |   0.0 |      11 |       0 |   0.0
        D:6 |     334 |       0 |   0.0 |      18 |       0 |   0.0
        D:7 |     915 |     512 |  35.9 |      19 |       1 |   5.0
        D:8 |     984 |     367 |  27.2 |      16 |       1 |   5.9
        D:9 |    1635 |    1337 |  45.0 |      17 |       9 |  34.6
            +---------+---------+-------+---------+---------+-------
